 Dungeon Crawl Stone Soup version 0.28.0-53-g5a82cb258f (webtiles) character file.

Game seed: 2607304359401253111

16 safid the Skirmisher (level 2, -1/27 HPs)
             Began as a Hill Orc Fighter on Aug 15, 2022.
             Was an Initiate of Okawaru.
             Slain by Jessica
             ... wielding a +0 club
              (4 damage)
             ... on level 2 of the Dungeon.
             The game lasted 00:01:50 (1166 turns).

safid the Skirmisher (Hill Orc Fighter)             Turns: 1166, Time: 00:01:50

Health: -1/27      AC: 10    Str: 18    XL:     2   Next: 54%
Magic:  2/2        EV:  6    Int:  8    God:    Okawaru [......]
Gold:   15         SH:  4    Dex: 10    Spells: 1/1 levels left

rFire   . . .      SeeInvis .   a - +0 war axe
rCold   . . .      Faith    .   c - +0 buckler
rNeg    . . .      Spirit   .   k - +0 chain mail
rPois   .          Reflect  .   (no helmet)
rElec   .          Harm     .   (no cloak)
rCorr   .          Rampage  .   f - +0 pair of gloves
Will    .....                   (no boots)
Stlth   ..........              (no amulet)
HPRegen 0.09/turn               (no ring)
MPRegen 0.08/turn               (no ring)

@: no status effects
A: no striking features
a: Renounce Religion


You were on level 2 of the Dungeon.
You worshipped Okawaru.
Okawaru was noncommittal.
You visited 1 branch of the dungeon, and saw 2 of its levels.

You collected 15 gold pieces.

Inventory:

Hand Weapons
 a - a +0 war axe (weapon)
Armour
 c - a +0 buckler (worn)
 f - a +0 pair of gloves (worn)
 k - a +0 chain mail (worn)
Jewellery
 g - an amulet of magic regeneration
Scrolls
 b - a scroll of enchant armour {unknown}
 e - a scroll of identify {unknown}
 h - a scroll of teleportation {unknown}
 j - a scroll of vulnerability {unknown}
Potions
 d - a potion of might
 i - 2 potions of curing {unknown}


   Skills:
 + Level 3.9 Fighting
 + Level 3.1 Axes
 + Level 3.5 Armour
 + Level 3.5 Shields


You had one spell level left.
You didn't know any spells.
Your spell library was empty.

Dungeon Overview and Level Annotations

Branches:
Dungeon (2/15)

Altars:
Okawaru
Qazlal

Shops:
D:1 :

Annotations:
D:2 Jessica


Message History

Jessica is nearby!
Jessica is nearby!
Found a stormy altar of Qazlal.
Jessica mumbles some strange words.
Jessica blinks!
Jessica mumbles some strange words.
Jessica blinks!
Jessica gestures at you while chanting. Pain shoots through your body!
Jessica casts a spell.
Jessica blinks!
You slash Jessica!
Jessica is severely wounded.
Jessica casts a spell at you. Pain shoots through your body!
* * * LOW HITPOINT WARNING * * *
You are too injured to fight recklessly!
You are too injured to fight recklessly!
You are too injured to fight recklessly!
You are too injured to fight recklessly!
You are too injured to fight recklessly!
You are too injured to fight recklessly!
You are too injured to fight recklessly!
You are too injured to fight recklessly!
You are too injured to fight recklessly!
You are too injured to fight recklessly!
You are too injured to fight recklessly!
You are too injured to fight recklessly!
You are too injured to fight recklessly!
You are too injured to fight recklessly!
You are too injured to fight recklessly!
You are too injured to fight recklessly!
You are too injured to fight recklessly!
You are too injured to fight recklessly!
Unknown command.
You barely miss Jessica.
Jessica is severely wounded.
Jessica mumbles something strange.
Jessica hits you with a +0 club.
You die...

######
#.... ....#
###.#.##
#......# #
#......#.#
#..._..ยง.#
####..@...#
..##...@..#
#.##....###
#.##.####
#.##.#
#.##.#
##....#
####..####
###...#.#


You could see Jessica (empowered).

Vanquished Creatures
  2 ball pythons (D:1)
  A bat (D:1)
  An endoplasm (D:1)
  A giant cockroach (D:1)
  A hobgoblin (D:1)
  3 kobolds (D:1)
  2 quokkas (D:1)
  3 frilled lizards (D:1)
14 creatures vanquished.

Notes
Turn   | Place    | Note
-------+----------+-------------------------------------------
     0 | D:1      | safid the Hill Orc Fighter began the quest for the Orb.
     0 | D:1      | Reached XP level 1. HP: 19/19 MP: 1/1
   246 | D:1      | Reached XP level 2. HP: 27/27 MP: 2/2
   817 | D:1      | Found an iron altar of Okawaru.
   929 | D:1      | Became a worshipper of Warmaster Okawaru
  1029 | D:1      | Found Latoluy's Book Shop.
  1158 | D:2      | Noticed Jessica
  1160 | D:2      | Found a stormy altar of Qazlal.
  1166 | D:2      | Slain by Jessica

Illustrated notes

Levels and vault maps discovered:
D:1:      tarquinn_simple_flora_water_f, layout_basic, serial_shops,
          nicolae_shop_stone, kennysheep_flooded_box, minmay_misc_feat_encased,
          hex_large
D:2:      kb_forest_paths, layout_loops_cross, basic_altar,
          chequers_serial_rivers_room_b, minmay_box_of_dots, uniq_jessica,
          uniq_crazy_yiuf_cottage

Skill      XL: |  1 |
---------------+----+-----
Axes           | 3 |  3.1
Fighting       | |  3.9
Armour         | |  3.5
Shields        | |  3.5

Action                   || total
-------------------------++-------
Melee: War axe           ||    40
Armor: Scale mail        ||    10
       Chain mail        ||     6
Dodge: Dodged            ||    14
Block: Buckler           ||     6
